 Dungeon Crawl Stone Soup version 0.23-a0-143-g1adec7bb76 (webtiles) character file.

1724 MirrMurr the Poker (level 9, -3/62 HPs)
             Began as an Octopode Berserker on Sept 5, 2018.
             Was a Priest of Trog.
             Slain by a wyvern zombie (9 damage)
             ... on level 6 of the Dungeon.
             The game lasted 00:10:11 (4966 turns).

MirrMurr the Poker (Octopode Berserker)             Turns: 4966, Time: 00:10:12

Health: -3/62      AC:  1    Str: 22    XL:     9   Next: 4%
Magic:  9/9        EV: 16    Int:  9    God:    Trog [***...]
Gold:   287        SH:  0    Dex: 14    Spells: 8/8 levels left

rFire    . . .     SeeInvis .   a - +0 trident
rCold    . . .     Gourm    .   (no shield)
rNeg     . . .     Faith    .   (helmet restricted)
rPois    .         Spirit   .   (no amulet)
rElec    .         Reflect  .   (no ring)
rCorr    .         Harm     .   t - ring of flight
MR       ++...                  (no ring)
Stlth    ++++......             (no ring)
HPRegen  1.20/turn              (no ring)
MPRegen  0.11/turn              (no ring)
                                (no ring)
                                (no ring)

@: mighty, berserk cooldown, regenerating, slowed, very slow
A: almost no armour, stealthy swim, amphibious, 8 rings, constrict 8, camouflage
1, gelatinous body 1
a: Berserk, Trog's Hand, Renounce Religion, Evoke Flight


You were on level 6 of the Dungeon.
You worshipped Trog.
Trog was most pleased with you.
You were very hungry.

You visited 2 branches of the dungeon, and saw 7 of its levels.

You collected 287 gold pieces.

Inventory:

Hand Weapons
 a - a +0 trident (weapon)
Missiles
 b - 72 sling bullets
 d - 165 stones (quivered)
 e - 45 poisoned needles
Jewellery
 f - the ring "Bajefal" {Ice +Blink MR+ Int-4 Dex+4 Stlth+}
   (You found it on level 4 of the Dungeon)

   [ring of ice]

   It enhances your ice magic.
   It affects your intelligence (-4).
   It affects your dexterity (+4).
   It makes you vulnerable to fire.
   It protects you from cold.
   It affects your resistance to hostile enchantments.
   It lets you blink.
   It makes you more stealthy.
 t - a ring of flight (right tentacle)
Wands
 p - a wand of polymorph (5)
Scrolls
 g - a scroll of fear
 i - 2 scrolls of magic mapping
 m - 3 scrolls of teleportation
Potions
 h - a potion of mutation
 j - a potion of flight {unknown}
 k - a potion of might
 l - 3 potions of curing
 o - a potion of cancellation
Comestibles
 c - 7 rations
 n - 10 chunks of flesh


   Skills:
 + Level 5.8 Fighting
 * Level 7.8 Polearms
 + Level 5.8 Dodging
 + Level 6.9 Stealth


You had 8 spell levels left.
You didn't know any spells.
Your spell library was empty.

Dungeon Overview and Level Annotations

Branches:
Dungeon (6/15)             Temple (1/1) D:5

Altars:
Cheibriados
Dithmenos
Hepliaklqana
Nemelex Xobeh
Okawaru
Qazlal
Wu Jian
Xom
The Shining One

Annotations:
D:6 1 runed door, feta's ghost, novice GnWn


Innate Abilities, Weirdness & Mutations

You cannot wear most types of armour.
You are very stealthy in the water. (Stealth+)
You are amphibious.
You can wear up to eight rings at the same time.
You can use your tentacles to constrict eight enemies at once.
Your skin changes colour to match your surroundings (Stealth+).
Your rubbery body absorbs attacks. (AC +1, EV +1)


Message History

The wyvern zombie barely misses you. The wyvern zombie bites you!
* * * LOW HITPOINT WARNING * * *
The phantom blinks!
You feel very mighty all of a sudden. The wyvern zombie bites you.
* * * LOW HITPOINT WARNING * * *
The phantom blinks!
The wyvern zombie bites you.
* * * LOW HITPOINT WARNING * * *
Your skin crawls.
You feel resistant to hostile enchantments.
You feel quite a bit more hungry. The wyvern zombie misses you. x2
You puncture the wyvern zombie!
The wyvern zombie is severely damaged.
The wyvern zombie barely misses you.
You puncture the wyvern zombie!
The wyvern zombie is almost destroyed.
The wyvern zombie bites you!
* * * LOW HITPOINT WARNING * * *
The wyvern zombie bites you!
You die...

.. ###.#.##................ #..
####.......#..###.......... ....
......#.#.#...##..........
....#####............##.######...
.....................##..........
.................................
....)................####.....<##
...............#####.### +#######
...............Z@....... .......
...............###...... ...####
.....).........# ##...
..........(....# . ####
...............# #...
...............# #...
...............# #... .........#
####


You could see a wyvern zombie.

Vanquished Creatures
  Grinder (D:5)
  Eustachio (D:5)
  Menkaure (D:6)
  Duvessa (D:4)
  A phantom (D:5)
  3 ogres
  A bullfrog (D:6)
  A gnoll sergeant (D:5)
  Dowan (D:4)
  A wyvern skeleton (D:6)
  A scorpion (D:5)
  A crimson imp (D:5)
  3 orc priests
  Crazy Yiuf (D:5)
  2 hounds
  A bullfrog skeleton (D:5)
  3 worker ants (D:4)
  A hound skeleton (D:4)
  A worker ant zombie (D:6)
  3 gnolls (D:5)
  4 adders
  A shadow imp (D:5)
  2 oozes
  3 worms
  2 dart slugs (D:2)
  7 leopard geckos
  18 orcs
  8 giant cockroaches
  5 goblins
  7 hobgoblins
  5 jackals
  8 kobolds
  3 quokkas
  A ball python (D:1)
  5 bats
  5 frilled lizards
  14 rats
127 creatures vanquished.

Notes
Turn   | Place    | Note
-------+----------+-------------------------------------------
     0 | D:1      | MirrMurr the Octopode Berserker began the quest for the
                  | Orb.
     0 | D:1      | Reached XP level 1. HP: 16/16 MP: 1/1
    56 | D:1      | Found a glowing golden altar of the Shining One.
    95 | D:1      | Reached XP level 2. HP: 21/21 MP: 2/2
   128 | D:1      | Reached skill level 1 in Stealth
   895 | D:2      | Found a shadowy altar of Dithmenos.
   903 | D:2      | Reached XP level 3. HP: 26/26 MP: 3/3
  1027 | D:2      | Found a faded altar of an unknown god.
  1564 | D:2      | Found a stormy altar of Qazlal.
  1659 | D:3      | Reached XP level 4. HP: 31/31 MP: 4/4
  1664 | D:3      | Reached ** piety under Trog
  1779 | D:3      | Reached skill level 4 in Polearms
  1975 | D:3      | Reached XP level 5. HP: 29/36 MP: 5/5
  2639 | D:4      | Found a snail-covered altar of Cheibriados.
  2662 | D:4      | Found an iron altar of Okawaru.
  2677 | D:4      | Noticed an ogre
  2686 | D:4      | Killed an ogre
  2686 | D:4      | Reached XP level 6. HP: 43/43 MP: 6/6
  2705 | D:4      | Reached skill level 5 in Polearms
  2967 | D:4      | Got a sparkling brass ring
  2994 | D:4      | Noticed Duvessa
  2997 | D:4      | Noticed Dowan
  3008 | D:4      | Killed Duvessa
  3008 | D:4      | Reached XP level 7. HP: 48/48 MP: 7/7
  3012 | D:4      | Killed Dowan
  3131 | D:4      | Identified the ring "Bajefal" {Ice +Blink MR+ Int-4 Dex+4
                  | Stlth+} (You found it on level 4 of the Dungeon)
  3569 | D:5      | Entered Level 5 of the Dungeon
  3601 | D:5      | Reached *** piety under Trog
  3611 | D:5      | Found a hazy altar of Hepliaklqana.
  3639 | D:5      | Noticed Eustachio
  3642 | D:5      | Found a sparkling altar of Nemelex Xobeh.
  3766 | D:5      | Reached skill level 6 in Polearms
  3766 | D:5      | Reached skill level 5 in Stealth
  3770 | D:5      | Killed Eustachio
  3770 | D:5      | Reached XP level 8. HP: 54/54 MP: 8/8
  3847 | D:5      | Reached skill level 5 in Dodging
  3873 | D:5      | Reached skill level 5 in Fighting
  3900 | D:5      | Found a staircase to the Ecumenical Temple.
  3980 | D:5      | Found a runed door.
  4001 | Temple   | Entered the Ecumenical Temple
  4155 | D:5      | Noticed Grinder
  4162 | D:5      | Killed Grinder
  4162 | D:5      | Reached skill level 7 in Polearms
  4170 | D:5      | Found an ornate altar of the Wu Jian Council.
  4256 | D:5      | Found a shimmering altar of Xom.
  4583 | D:5      | Noticed Crazy Yiuf
  4587 | D:5      | Killed Crazy Yiuf
  4844 | D:6      | Found a runed door.
  4868 | D:6      | Noticed feta's ghost (novice GnWn)
  4923 | D:6      | Noticed Menkaure
  4933 | D:6      | Killed Menkaure
  4936 | D:6      | Reached XP level 9. HP: 49/62 MP: 9/9
  4966 | D:6      | Slain by a wyvern zombie

Vault maps used:
D:1:      mrwooster_arrival_statue_2, tso_metal_star
D:2:      nicolae_overflow_crystal_walls, lemuel_coloured_pillars_altar,
          chequers_ecumenical_altar_simple
D:4:      old_standard_altar, lemuel_doored_altar, uniq_duvessa
D:5:      nemelex_xobeh_ov_fountains_minmay, lemuel_crystal_altar,
          xom_teletrap_fun, kennysheep_mini_moat,
          minmay_temple_entry_purple_smoke, first_ration, uniq_eustachio,
          uniq_crazy_yiuf_cottage, uniq_grinder
D:6:      ebering_ghost_sewer_f, yredelemnul_altar_generic, uniq_menkaure,
          uniq_edmund
Temple:   jpeg_temple_clearing

Skill      XL: |  1  2  3  4  5  6  7  8 |
---------------+-------------------------+-----
Stealth        | 1 2 3 4 5 6 |  6.9
Polearms       | 4 5 6 7 |  7.8
Fighting       | 4 5 |  5.8
Dodging        | 4 5 |  5.8

Action                   |  1- 3 |  4- 6 |  7- 9 || total
-------------------------+-------+-------+-------++-------
Melee: Spear             |    88 |   102 |    99 ||   289
       Constrict         |    17 |    20 |    23 ||    60
       Tentacles         |     7 |    13 |    23 ||    43
       Trident           |       |       |    49 ||    49
Invok: Berserk           |       |     3 |     6 ||     9
       Trog's Hand       |       |       |     2 ||     2
  Use: Scroll            |     6 |     4 |     4 ||    14
       Potion            |       |       |     1 ||     1
 Stab: Sleeping          |    13 |     8 |    11 ||    32
       Distracted        |       |     2 |       ||     2
  Eat: Chunk             |     2 |     6 |     9 ||    17
       Ration            |       |       |     1 ||     1
Armor: Skin              |     2 |     3 |     2 ||     7
Dodge: Dodged            |    23 |    35 |    42 ||   100

Table legend:
 A = Non-vault XP
 B = Vault XP
 C = Vault XP percentage of total XP
 D = Non-vault monster count
 E = Vault monster count
 F = Vault count percentage of total count
                 A         B        C        D         E       F
            +---------+---------+-------+---------+---------+-------
      Total |    1540 |     924 |  37.5 |     121 |       6 |   4.7
            +---------+---------+-------+---------+---------+-------
        D:1 |      25 |       0 |   0.0 |      18 |       0 |   0.0
        D:2 |      54 |       0 |   0.0 |      21 |       0 |   0.0
        D:3 |     123 |       0 |   0.0 |      31 |       0 |   0.0
        D:4 |     413 |     223 |  35.1 |      12 |       2 |  14.3
        D:5 |     684 |     529 |  43.6 |      30 |       3 |   9.1
        D:6 |     241 |     172 |  41.6 |       9 |       1 |  10.0
            +---------+---------+-------+---------+---------+-------
